Map: Prion Terraces

Players

Bara - Winner!

  • Race: Zerg Zerg
  • League: Diamond

Frozzen

  • Race: Zerg Zerg
  • League: Gold

VOD

Have the link to the VOD?

Description

Time

  • Played on: Nov. 16, 2015, 4:32 p.m.
  • Length: 7:36
Show
View Real Time Build Order
Export as new Build Order

Bara Zerg - Winner!

Build Orders: Pool First 

Get SALT Encoding   

  12  0:01  Drone  
  13  0:12  Overlord  
  13  0:19  Drone  
  14  0:34  Spawning Pool  
  13  0:37  Drone  
  14  0:45  Drone x2  
  16  0:55  Drone  
  17  1:00  Extractor  
  17  1:01  Overlord  
  16  1:10  Drone  
  17  1:20  Queen  
  17  1:22  Drone  
  20  1:43  Drone  
  20  1:46  Hatchery  
  20  1:50  Drone  
  20  1:53  Zergling x2  
  22  2:04  Metabolic Boost  
  22  2:08  Zergling x2  
  23  2:14  Zergling x2  
  24  2:25  Overlord  
  24  2:30  Drone x2, Zergling x2, Baneling Nest  
  26  2:37  Zergling x2  
  27  2:48  Zergling x2  
  28  2:59  Zergling x4  
  28  3:02  Zergling x4  
  28  3:03  Zergling x2  
  33  3:09  Overlord  
  33  3:11  Zergling x2  
  34  3:19  Baneling x2  
  34  3:20  Zergling x2  
  35  3:30  Zergling x2  
  35  3:33  Queen  
  38  3:34  Zergling x2  
  38  3:35  Zergling x4  
  41  3:48  Zergling x8  
  43  3:52  Baneling x3  
  43  3:54  Zergling x2  
  41  4:06  Zergling x4  
  39  4:22  Zergling x2  
  39  4:23  Zergling x4  
  41  4:30  Zergling x2  
  30  4:41  Extractor  
  30  4:44  Baneling  
  30  4:45  Baneling  
  29  4:47  Zergling x2  
  29  4:48  Zergling x6  
  32  4:56  Zergling x4  
  34  5:07  Zergling x8  
  36  5:21  Baneling x2  
  36  5:22  Baneling x3  
  36  5:23  Baneling  
  35  5:41  Zergling x8  
  35  5:42  Zergling x4  
  38  5:56  Baneling x3  
  38  5:57  Zergling x2  
  38  5:58  Zergling x2  
  40  6:07  Baneling x2  
  40  6:08  Zergling x2, Baneling x2  
  40  6:09  Zergling x2  
  36  6:35  Zergling x4  
  36  6:38  Baneling  
  37  6:40  Zergling x8  
  37  6:41  Zergling x4  
  37  6:46  Roach Warren  
  42  6:47  Drone x2  
  42  6:50  Baneling x3  
Show
View Real Time Build Order
Export as new Build Order

Frozzen Zerg 

Build Orders: Hatch First, Zergling Baneling 

Get SALT Encoding   

  12  0:00  Drone  
  13  0:13  Overlord  
  13  0:18  Drone  
  14  0:31  Drone x2  
  16  0:50  Hatchery  
  16  0:52  Drone  
  16  0:56  Drone  
  17  0:59  Drone  
  18  1:14  Spawning Pool  
  18  1:15  Drone  
  18  1:20  Extractor  
  18  1:23  Drone  
  18  1:30  Overlord  
  18  2:01  Zergling x4, Queen  
  20  2:02  Queen, Zergling x2  
  20  2:03  Zergling x2  
  26  2:12  Drone  
  27  2:18  Drone  
  28  2:23  Drone  
  28  2:24  Drone  
  28  2:27  Metabolic Boost  
  30  2:33  Overlord  
  30  2:40  Drone  
  31  2:45  Drone  
  31  2:49  Baneling Nest  
  31  2:50  Drone  
  32  2:58  Zergling x4  
  33  3:06  Overlord  
  33  3:10  Zergling x2  
  33  3:11  Zergling x6  
  35  3:13  Zergling x2  
  35  3:14  Zergling x4  
  38  3:20  Zergling x2  
  39  3:28  Zergling x2  
  39  3:29  Zergling x2  
  39  3:32  Zergling x2  
  41  3:45  Zergling x6  
  41  3:46  Zergling x6  
  41  3:51  Zergling x4  
  35  4:00  Zergling x4  
  31  4:07  Baneling x2  
  31  4:08  Zergling x2, Baneling x2  
  25  4:27  Zergling x2  
  25  4:28  Zergling x4  
  26  4:32  Queen  
  26  4:34  Zergling x8  
  26  4:35  Zergling x2  
  33  4:42  Zergling x2  
  34  4:45  Zergling x2  
  34  4:52  Zergling x2  
  33  4:56  Zergling x2  
  33  4:58  Baneling x4  
  33  5:05  Zergling x4  
  32  5:21  Zergling x4  
  32  5:40  Zergling x8  
  35  5:44  Baneling x4  
  35  5:45  Zergling x2  
  36  5:52  Zergling x2  
  37  5:58  Zergling x2  
  36  6:09  Baneling x2  
  36  6:10  Baneling x3  
  36  6:11  Zergling x6  
  34  6:28  Zergling x4  
  34  6:29  Zergling x4  
  34  6:34  Zergling x4  
  34  6:35  Zergling x4  
  34  6:39  Zergling x2  
  38  6:45  Zergling x2  
  33  7:00  Zergling x4  
  33  7:01  Zergling x2  
  35  7:05  Zergling x2  
  32  7:15  Zergling x2  
  32  7:16  Zergling x6  
Tags
 
Add a new tag
Caveats
  • Supply blocks, unpowered buildings, or Contaminate may cause inaccurate times.
  • Supply counts are checked every 10 seconds.